cohdb
Replays
Latest Replays
All Replays
Popular Replays
Top Player Replays
Match Explorer
How It Works
Community
CoH3 Stats
Reddit
Sign in to upload your games and track your stats! →
Sign in with Steam
Match 46668010
Unlisted
Match 46668010
Overview
Messages
Build Orders
End
Construct Infanterie Kompanie
Construct Infanterie Kompanie
Kettenkrad Recon Vehicle
Grenadier Squad
Selects Terror Battlegroup
MG 42 Machine Gun Team
Grenadier Squad
GrW 34 Mortar Team
Construct Luftwaffe Kompanie
Jäger Squad
Selects Machine Gun Camouflage
Selects Contempt for the Weak
Medical Station
Jäger Squad
Support Elements
Luftwaffe Officer Quarters
Selects No Quarter
Marder III M Tank Destroyer
MG 42 Bunker
Side Skirts
MG 42 Machine Gun Team
Marder III M Tank Destroyer
Selects Jericho Trumpet
Jericho Trumpet
Arkanor
[B2B] Totino the Pizza Boy
Caleb187
DecTen
Mr_NoteAr
User1diego
0
0
Comments
sign in to comment!
No comments posted yet!